 Dungeon Crawl Stone Soup version 0.31-a0-214-gb37851dbb3 (webtiles) character file.

Game seed: 11616158988313901556

78 qw the Shooter (level 4, -2/26 HPs)
             Began as a Gargoyle Hexslinger on July 1, 2023.
             Slain by a black bear (4 damage)
             ... on level 3 of the Dungeon.
             The game lasted 00:00:42 (2005 turns).

qw the Shooter (Gargoyle Hexslinger)                Turns: 2005, Time: 00:00:43

Health: -2/26      AC:  6    Str: 12    XL:     4   Next: 36%
Magic:  5/5        EV: 11    Int: 13    God:
Gold:   122        SH:  0    Dex: 14    Spells: 4/5 levels left

rFire   . . .        Y - +1 sling
rCold   . . .        (no shield)
rNeg    + . .        d - +0 leather armour
rPois   inf          (no helmet)
rElec   +            (no cloak)
rCorr   .            (no gloves)
SInv    .            (no boots)
Will    .....        (no amulet)
Stlth   +            (no ring)
HPRegen 0.24/turn    (no ring)
MPRegen 0.09/turn

%: no passive effects
@: no status effects
A: sickness immunity, AC +3, negative energy resistance 1, electricity
resistance, torment resistance 1, petrification resistance
a: no special abilities


You were on level 3 of the Dungeon.
You visited 1 branch of the dungeon, and saw 3 of its levels.

You collected 122 gold pieces.


Innate Abilities, Weirdness & Mutations

You are immune to sickness and miasma.
Your stone body is resilient. (AC +3)
You are immune to poison.
You resist negative energy. (rN+)
You are resistant to electric shocks. (rElec)
You are resistant to unholy torment.
You are immune to petrification.


   Skills:
 - Level 2.0 Fighting
 + Level 4.1 Ranged Weapons
 - Level 1.5 Dodging
 - Level 1.0 Spellcasting
 - Level 2.6 Hexes


You had 4 spell levels left.
You knew the following spells:

 Your Spells              Type           Power      Damage    Failure   Level
a - Slow                  Hex            28%        N/A       12%         1

Your spell library contained the following spells:

 Spells                   Type           Power      Damage    Failure   Level
 Inner Flame              Hex/Fire       4%         N/A       52%         3
 Portal Projectile        Hex/Tloc       8%         N/A       52%         3
 Cause Fear               Hex            3%         N/A       75%         4

Inventory:

Hand Weapons
 Y - a +1 sling (weapon)
Armour
 d - a +0 leather armour (worn)
 e - a +0 pair of boots
 f - a +1 cloak
Scrolls
 a - 3 scrolls of identify
 c - 2 scrolls of teleportation
Potions
 b - 2 potions of might
 i - 4 potions of haste

Dungeon Overview and Level Annotations

Branches:
Dungeon (3/15)

Altars:


Message History

The black bear claws you but does no damage.
The black bear barely misses you.
You shoot a sling bullet. The sling bullet hits the black bear.
The black bear is moderately wounded.
The black bear bites you.
The black bear claws you but does no damage.
The black bear claws you.
You shoot a sling bullet. The sling bullet hits the black bear.
The black bear is moderately wounded.
The black bear bites you but does no damage.
The black bear closely misses you. The black bear claws you.
The black bear bites you but does no damage.
The black bear closely misses you. The black bear barely misses you.
You shoot a sling bullet.
The sling bullet barely misses the black bear.
The black bear barely misses you.
The black bear claws you but does no damage.
The black bear misses you.
You shoot a sling bullet. The sling bullet hits the black bear.
The black bear is heavily wounded.
The black bear barely misses you.
The black bear claws you but does no damage.
The black bear barely misses you.
You shoot a sling bullet. The sling bullet hits the black bear!
The black bear is severely wounded.
The black bear bites you but does no damage.
The black bear misses you.
The black bear claws you but does no damage.
You shoot a sling bullet.
The sling bullet closely misses the black bear.
The black bear goes berserk!
The black bear bites you.
The black bear claws you but does no damage.
The black bear barely misses you.
You shoot a sling bullet.
The sling bullet barely misses the black bear.
The black bear barely misses you. The black bear claws you.
The black bear completely misses you. The black bear bites you!
The black bear claws you but does no damage.
The black bear claws you.
You die...

#####.#.#.# #
#.#.#.#
#####.#.#.#
.%....#.#.#
#######.#.#
........#.#
#######...#
#.################
#.........@h......
##################


You could see a black bear (berserk).

Vanquished Creatures
  A gnoll (D:1)
  A worm (D:2)
  2 dart slugs
  12 endoplasms
  A giant cockroach (D:2)
  9 goblins
  4 hobgoblins
  2 jackals (D:1)
  4 quokkas
  6 ball pythons
  A bat (D:3)
  3 frilled lizards
  4 kobolds
  4 rats
54 creatures vanquished.

Notes
Turn   | Place    | Note
-------+----------+-------------------------------------------
     0 | D:1      | qw the Gargoyle Hexslinger began the quest for the Orb.
     0 | D:1      | Reached XP level 1. HP: 12/12 MP: 2/2
     0 | D:1      | 0 ||| qw: Version: 0.3-a-32-g5962c71
     0 | D:1      | 0 ||| qw: Game counter: 7449
     0 | D:1      | 0 ||| qw: Melee chars always use a shield: true
     0 | D:1      | 0 ||| qw: God list: Okawaru
     0 | D:1      | 0 ||| qw: Allow faded altars: false
     0 | D:1      | 0 ||| qw: Do Orc after clearing Dungeon:15 true
     0 | D:1      | 0 ||| qw: Do second Lair branch before Depths: true
     0 | D:1      | 0 ||| qw: Lair rune preference: random
     0 | D:1      | 0 ||| qw: Goals: Normal
     0 | D:1      | 0 ||| PLANNING D:1-11
   101 | D:1      | HP: 3/12 [gnoll/+0 club (5)]
   103 | D:1      | Reached XP level 2. HP: 5/16 MP: 3/3
   200 | D:1      | Reached skill level 3 in Ranged Weapons
   389 | D:1      | Reached XP level 3. HP: 17/21 MP: 4/4
   735 | D:1      | 735 ||| UPGRADING to +0 leather armour.
   745 | D:1      | 745 ||| DROPPING +0 robe.
   746 | D:1      | 746 ||| READING scroll labelled ASMOKU RUCVY.
   747 | D:1      | 747 ||| READING scroll labelled YCVIWU EHUSHE.
   748 | D:1      | 748 ||| READING scroll labelled HASEIB LAUGETE.
   749 | D:1      | 749 ||| READING scroll labelled XUIKKO MIAJ.
   754 | D:1      | 754 ||| READING scroll labelled FEGAG UHOLOE.
   755 | D:1      | 755 ||| DROPPING scroll of poison.
   999 | D:2      | Found a faded altar of an unknown god.
  1055 | D:2      | Reached XP level 4. HP: 26/26 MP: 5/5
  1233 | D:2      | Reached skill level 4 in Ranged Weapons
  1590 | D:2      | 1590 ||| READING 3 scrolls of identify.
  1590 | D:2      | 1590 ||| IDENTIFYING inky potion
  1591 | D:2      | 1591 ||| READING 2 scrolls of identify.
  1591 | D:2      | 1591 ||| IDENTIFYING metallic pink potion
  1993 | D:3      | Noticed a black bear
  2005 | D:3      | HP: 2/26 [black bear (8)]
  2005 | D:3      | Slain by a black bear

Levels and vault maps discovered:
D:1:      psy_arrival_dodecagon, layout_loops_cross
D:2:      layout_loops_ring, dreamdust_ecumenical_altar_hidden_monk_grotto
D:3:      layout_basic

Skill      XL: |  1  2  3  4 |
---------------+-------------+-----
Ranged Weapons | 3 4 |  4.1
Fighting       | 2 |  2.0
Dodging        | |  1.5
Spellcasting   | |  1.0
Hexes          | |  2.6

Action                     |  1- 3 |  4- 6 || total
---------------------------+-------+-------++-------
   Fire: Sling             |   115 |    56 ||   171
    Use: Scroll            |     5 |     2 ||     7
 Armour: Robe              |     9 |       ||     9
         Leather armour    |     2 |    15 ||    17
  Dodge: Dodged            |    20 |    15 ||    35

Table legend:
 A = Non-vault XP
 B = Vault XP
 C = Vault XP percentage of total XP
 D = Non-vault monster count
 E = Vault monster count
 F = Vault count percentage of total count
                 A         B        C        D         E       F
            +---------+---------+-------+---------+---------+-------
      Total |     112 |       0 |   0.0 |      54 |       0 |   0.0
            +---------+---------+-------+---------+---------+-------
        D:1 |      64 |       0 |   0.0 |      28 |       0 |   0.0
        D:2 |      40 |       0 |   0.0 |      20 |       0 |   0.0
        D:3 |       8 |       0 |   0.0 |       6 |       0 |   0.0
            +---------+---------+-------+---------+---------+-------
